 Dungeon Crawl Stone Soup version 0.19.5 (webtiles) character file.

7155 truemonolith the Slicer (level 11, -12/121 HPs)
             Began as a Halfling Berserker on Mar 6, 2017.
             Was a High Priest of Trog.
             Mangled by a skeletal warrior
             ... wielding a +0 war axe
             ... led by a skeletal warrior
              (22 damage)
             ... on level 11 of the Dungeon.
             The game lasted 00:22:24 (11345 turns).

truemonolith the Slicer (Halfling Berserker)       Turns: 11345, Time: 00:22:25

Health: -12/121    AC:  9    Str: 26    XL:     11   Next: 32%
Magic:  0/11       EV: 18    Int:  5    God:    Trog [*****.]
Gold:   313        SH:  0    Dex: 25    Spells: 0 memorised, 10 levels left

rFire  . . .     SeeInvis .     H - +6 rapier of the Desert {pierce, Str+3 Stlth+}
rCold  . . .     Gourm    .     C - +2 leather armour of the New World {+Blink Dex+7}
rNeg   . . .     Faith    .     (shield restricted)
rPois  .         Spirit   +     (no helmet)
rElec  .         Reflect  .     k - +0 cloak
rCorr  .         Harm     .     x - +0 pair of gloves
MR     .....                    (no boots)
Stlth  ..........               d - amulet of guardian spirit
                                (no ring)
                                u - +3 ring of slaying

@: berserking (expiring), lethally poisoned (-12 -> -14), very quick
A: mutation resistance 1
a: Berserk, Trog's Hand, Brothers in Arms, Burn Spellbooks, Renounce Religion,
Evoke Blink


You were on level 11 of the Dungeon.
You worshipped Trog.
Trog was extremely pleased with you.
You were not hungry.

You visited 1 branch of the dungeon, and saw 10 of its levels.

You collected 313 gold pieces.

Inventory:

Hand Weapons
 H - the +6 rapier of the Desert (weapon) {pierce, Str+3 Stlth+}
   (You acquired it on level 6 of the Dungeon)

   It inflicts extra damage upon your enemies.
   It affects your strength (+3).
   It makes you more stealthy.
 J - a +1 shortbow of velocity
Missiles
 K - 88 arrows
 N - 3 curare-tipped needles
Armour
 k - a +0 cloak (worn)
 x - a +0 pair of gloves (worn)
 C - the +2 leather armour of the New World (worn) {+Blink Dex+7}
   (You found it on level 6 of the Dungeon)

   It affects your dexterity (+7).
   It lets you blink.
Jewellery
 b - an uncursed ring of fire
 d - an amulet of guardian spirit (around neck)
 o - an uncursed amulet of guardian spirit
 u - a +3 ring of slaying (left hand)
Wands
 r - a wand of enslavement (11/24)
 y - a wand of iceblast (5/15)
 F - a wand of acid (6/15)
 L - a wand of slowing (37/48)
Scrolls
 e - 3 scrolls of magic mapping
 j - 10 scrolls of identify
 l - 5 scrolls of remove curse
 m - 4 scrolls of fog
 p - 5 scrolls of enchant weapon
 q - 4 scrolls of fear
 A - a scroll of blinking {unknown}
 G - 2 scrolls of immolation
 I - a scroll of teleportation
Potions
 a - a potion of berserk rage {unknown}
 f - 3 potions of might
 g - a potion of heal wounds {unknown}
 h - 3 potions of agility
 n - a potion of ambrosia {unknown}
 s - 3 potions of brilliance
 t - 3 potions of degeneration {unknown}
 v - a potion of resistance {unknown}
 B - 2 potions of cancellation {unknown}
 D - a potion of cure mutation {unknown}
 E - a potion of haste {unknown}
 M - a potion of curing {unknown}
Comestibles
 c - 6 bread rations
 i - 2 beef jerkies
 w - 4 meat rations
 z - 2 slices of pizza


   Skills:
 + Level 10.1 Fighting
 - Level 10.9 Short Blades
 - Level 10.2 Armour
 - Level 4.1 Dodging


You had 10 spell levels left.
You didn't know any spells.

Dungeon Overview and Level Annotations

Branches:
Dungeon (9/15)             Temple (0/1) D:5
   Lair: D:8-11         Orc: D:9-12

Altars:
Dithmenos
Elyvilon
Gozag
Kikubaaqudgha
Vehumet

Shops:
D:5 :


Innate Abilities, Weirdness & Mutations

You are small and have problems with some larger weapons.
You are somewhat resistant to further mutation.


Message History

You hit the skeletal warrior.
The skeletal warrior is severely damaged.
You hit the skeletal warrior but do no damage.
The skeletal warrior is severely damaged.
You feel sick.
The skeletal warrior hits you with a short sword!
* * * LOW HITPOINT WARNING * * *
You puncture the skeletal warrior!
The skeletal warrior is severely damaged.
The skeletal warrior hits you with a war axe!
* * * LOW HITPOINT WARNING * * *
You hit the skeletal warrior but do no damage.
The skeletal warrior is severely damaged.
The skeletal warrior closely misses you.
You puncture the skeletal warrior!
You destroy the skeletal warrior!
Trog accepts your kill.
Your Fighting skill increases to level 10!
The skeletal warrior hits you with a war axe!!
You die...

######
#....#
#....#
+....#
#))..#
#@z..#
#....#
#....#
#....#
#....#
#....#
#....#
#....#
#....#


You could see a skeletal warrior.

Vanquished Creatures
  3 skeletal warriors (D:11)
  A manticore (shapeshifter) (D:8)
  The ghost of Scuka the Destroyer, a novice DECj of Vehumet (D:5)
  A two-headed ogre (D:9)
  2 hippogriffs (D:8)
  A spriggan (D:8)
  A wyvern (D:7)
  Eustachio (D:6)
  A water moccasin (D:8)
  Duvessa (D:4)
  4 orc warriors
  4 sky beasts
  3 ogres
  A centaur (D:6)
  A big kobold (D:8)
  2 bullfrogs
  Dowan (D:4)
  3 scorpions
  2 vampire bats (D:7)
  2 howler monkeys
  3 crimson imps
  2 bullfrog zombies
  2 centaur zombies
  5 hounds
  A quasit (D:8)
  Crazy Yiuf (D:2)
  7 orc priests
  A jelly (D:5)
  3 centaur skeletons
  A gnoll shaman (D:5)
  2 iguanas (D:6)
  5 worker ants
  16 orc wizards
  Ijyb (D:3)
  A killer bee zombie (D:9)
  4 hound zombies
  3 hound skeletons
  Robin (D:3)
  2 worker ant zombies
  7 gnolls
  16 adders
  A shadow imp (D:5)
  2 adder zombies
  2 worms
  2 adder skeletons
  3 leopard geckos (D:2)
  41 orcs
  4 ball pythons
  17 bats
  4 bat skeletons (D:7)
  2 bat zombies (D:7)
  6 giant cockroaches
  15 goblins
  10 hobgoblins
  4 jackals (D:6)
  15 kobolds
  7 quokkas
  A ball python zombie (D:5)
  2 frilled lizards
  A jackal skeleton (D:5)
  A leopard gecko skeleton (D:6)
  A quokka skeleton (D:4)
  A quokka zombie (D:5)
  9 rats
271 creatures vanquished.

Vanquished Creatures (others)
  A bat (D:2)
  A quokka (D:8)
2 creatures vanquished.

Grand Total: 273 creatures vanquished

Notes
Turn   | Place    | Note
-------+----------+-------------------------------------------
     0 | D:1      | truemonolith the Halfling Berserker began the quest for the Orb.
     0 | D:1      | Reached XP level 1. HP: 15/15 MP: 1/1
     3 | D:1      | Noticed an electric eel
   114 | D:1      | Reached XP level 2. HP: 20/20 MP: 2/2
   434 | D:1      | Reached XP level 3. HP: 25/25 MP: 3/3
   695 | D:1      | Reached skill level 5 in Short Blades
   832 | D:2      | Reached ** piety under Trog
  1108 | D:2      | Reached XP level 4. HP: 30/30 MP: 4/4
  1595 | D:2      | Reached XP level 5. HP: 35/35 MP: 5/5
  1699 | D:2      | Found a runed door.
  1703 | D:2      | Noticed Crazy Yiuf
  1707 | D:2      | Killed Crazy Yiuf
  1792 | D:3      | Noticed Ijyb
  1817 | D:3      | Killed Ijyb
  2209 | D:3      | Reached *** piety under Trog
  2322 | D:3      | Noticed Robin
  2473 | D:3      | Killed Robin
  2473 | D:3      | Reached XP level 6. HP: 10/41 MP: 6/6
  3088 | D:4      | Noticed an ogre
  3101 | D:4      | Killed an ogre
  3233 | D:4      | Reached XP level 7. HP: 31/45 MP: 7/7
  3260 | D:4      | Noticed Duvessa
  3265 | D:4      | Noticed Dowan
  3549 | D:4      | Killed Duvessa
  4079 | D:4      | Reached skill level 10 in Short Blades
  4453 | D:4      | Reached XP level 8. HP: 51/51 MP: 8/8
  4745 | D:4      | Killed Dowan
  4791 | D:5      | Entered Level 5 of the Dungeon
  4951 | D:5      | Found Menug's Book Emporium.
  4993 | D:5      | Reached **** piety under Trog
  5171 | D:5      | Noticed Scuka's ghost (novice DECj)
  5193 | D:5      | Killed Scuka's ghost
  5193 | D:5      | Reached XP level 9. HP: 55/55 MP: 9/9
  5428 | D:5      | Found a staircase to the Ecumenical Temple.
  5753 | D:6      | Noticed Eustachio
  5767 | D:6      | Killed Eustachio
  5797 | D:6      | Got a jewelled leather armour
  5942 | D:6      | Identified the +2 leather armour of the New World {+Blink Dex+7} (You found it on level 6 of the Dungeon)
  6939 | D:6      | Reached skill level 10 in Armour
  7517 | D:6      | Reached ***** piety under Trog
  7840 | D:6      | Identified a scroll of acquirement
  7843 | D:6      | Got a crystal rapier
  7844 | D:6      | Identified the +6 rapier of the Desert {pierce, Str+3 Stlth+} (You acquired it on level 6 of the Dungeon)
  7862 | D:6      | Reached XP level 10. HP: 61/61 MP: 10/10
  8470 | D:7      | Found a radiant altar of Vehumet.
  8474 | D:7      | Found an opulent altar of Gozag.
  8634 | D:7      | Found an ancient bone altar of Kikubaaqudgha.
  8925 | D:8      | Reached skill level 5 in Fighting
  9238 | D:8      | Noticed a manticore
  9238 | D:8      | a jumping spider changed into a manticore
  9244 | D:8      | Killed a manticore
  9600 | D:8      | Received a gift from Trog
  9671 | D:8      | Found a white marble altar of Elyvilon.
 10680 | D:9      | Found a shadowy altar of Dithmenos.
 10889 | D:9      | Reached XP level 11. HP: 67/78 MP: 9/11
 11044 | D:9      | You fall through a shaft for 2 floors!
 11044 | D:11     | Noticed a skeletal warrior
 11044 | D:11     | Noticed a skeletal warrior
 11075 | D:11     | Killed a skeletal warrior
 11323 | D:11     | Noticed a skeletal warrior
 11323 | D:11     | Noticed a skeletal warrior
 11332 | D:11     | Killed a skeletal warrior
 11345 | D:11     | Killed a skeletal warrior
 11345 | D:11     | Reached skill level 10 in Fighting
 11345 | D:11     | Mangled by a skeletal warrior

Skill      XL: |  1  2  3  4  5  6  7  8  9 10 11 |
---------------+----------------------------------+-----
Short Blades   | 4 5 6 7 8 10 | 10.9
Armour         | 6 10 | 10.2
Dodging        | 3 4 |  4.1
Fighting       | 8 10 | 10.1

Action                   |  1- 3 |  4- 6 |  7- 9 | 10-12 || total
-------------------------+-------+-------+-------+-------++-------
Melee: Short sword       |   105 |   254 |   537 |       ||   896
       Rapier            |       |       |     2 |   267 ||   269
Invok: Berserk           |     1 |     2 |     5 |     2 ||    10
  Use: Scroll            |       |       |    15 |     1 ||    16
 Stab: Sleeping          |     1 |       |       |     5 ||     6
       Distracted        |       |       |       |     1 ||     1
  Eat: Chunk             |       |     3 |     5 |     2 ||    10
       Bread ration      |       |     1 |     4 |     1 ||     6
       Beef jerky        |       |     1 |     1 |     1 ||     3
       Meat ration       |       |       |       |     1 ||     1
Armor: Animal skin       |     2 |       |       |       ||     2
       Chain mail        |    87 |   130 |   130 |       ||   347
       Leather armour    |       |       |    96 |    61 ||   157
Dodge: Dodged            |   120 |   153 |   240 |   216 ||   729
